Unix NetHack Version 5.0.0-0 post-release - last build May 31 2026 23:59:36 (970b52f25bf058293b47ddfd14a1e40e571c508c,branch:main).

Game began 2026-06-05 22:02:18, ended 2026-06-05 23:01:43.

Jobair, lawful female dwarven Archeologist

                ---  -----
             ----.----.)..0           [               0*  *
             |.........----
            --......--.|     0           *           0 %
            |..|..---|.|
           --.--------*| |   |  ( [                  /
        ----..|----|...|.|  .|    *              /   *
       --....--|..--...#.|  .     $
      --..---- |)......|.--.---          0
     --..--    ---.....| o.....           0
---- |...-       |..--.|0oo..                     0
|..---....       ----|)|odo..                0
|...|....            |.|@--$-
---.....             |.|.| [)                0
  |......            |.|.| [.. *       *        / * *
  --.....            |.|.|) $.|[
   ......      -------.|[--------- ------- ------------- |
    ....       |.......#[................................|
               |.....|.)--------- ------------ -----------
               ---..-|..............0 0  *     0        0
                 ---------
Jobair the Field Worker    St:13 Dx:15 Co:14 In:14 Wi:15 Ch:10  Lawful
Dlvl:8  $:138 HP:0(40) Pw:20(20) AC:-4 Xp:5 T:5595  Burdened

Latest messages:
 It hits Godzilla.
 Goruthos of Un-ubane swings her curved sword.
 Goruthos of Un-ubane misses!
 You hit Goruthos of Un-ubane!
 Godzilla bites it.
 Goruthos of Un-ubane swings her curved sword.
 Goruthos of Un-ubane hits!
 Godzilla eats a hill orc corpse.
 Goruthos of Un-ubane swings her curved sword.
 Goruthos of Un-ubane hits!
 Goruthos of Un-ubane picks up 7 rocks.
 What do you want to zap?
 In what direction? 2
 Goruthos of Un-ubane vanishes!
 It misses!
 You miss it.
 It misses!
 It hits!
 The orc-captain shoots a poisoned crude arrow!
 The poisoned crude arrow misses Godzilla.
 A poisoned crude arrow misses you.
 What do you want to drink?
 You feel much better.
 Thosaigorai of Un-ubane swings his curved sword.
 Thosaigorai of Un-ubane hits!
 It misses!
 You hit it.
 Thosaigorai of Un-ubane swings his curved sword.
 Thosaigorai of Un-ubane hits!
 It hits!
 Uzai of Un-ubane casts a spell!
 Uzai of Un-ubane looks better.
 What do you want to drink?
 You detect the presence of objects.
 (For instructions type a '?')
 Done.
 Thosaigorai of Un-ubane swings his curved sword.
 Thosaigorai of Un-ubane misses!
 It hits!
 It misses!
 You hit it.
 Thosaigorai of Un-ubane swings his curved sword.
 Thosaigorai of Un-ubane just misses!
 It hits!
 You die...
 Do you want your possessions identified? [ynq] (y) y
 Do you want to see your attributes? [ynq] (y) y
 Do you want an account of creatures vanquished? [ynaq] (y) y
 Do you want to see your conduct and achievements? [ynq] (y) y
 Do you want to see the dungeon overview? [ynq] (y) y

Inventory:
 Coins    ('$')
  $ - 138 gold pieces
 Weapons  (')')
  P - 11 blessed +0 darts
  n - 6 +0 darts (at the ready)
  X - 8 blessed poisoned +2 darts
  a - a +2 bullwhip
  p - a blessed +1 scimitar (weapon in right hand)
 Armor    ('[')
  c - an uncursed +0 fedora
  T - an uncursed greased +0 orcish helm (being worn)
  W - an uncursed +0 pair of iron shoes (being worn)
  s - an uncursed +0 orcish shield (being worn)
  H - an uncursed +2 cloak of protection (being worn)
  I - an uncursed +0 elven mithril-coat (being worn)
 Comestibles  ('%')
  d - 3 uncursed food rations
  v - an uncursed tripe ration
 Scrolls  ('?')
  B - an uncursed scroll of amnesia
  C - an uncursed scroll of blank paper
  q - an uncursed scroll of earth
  m - an uncursed scroll of enchant weapon
  r - an uncursed scroll of magic mapping
  h - a blessed scroll of teleportation
  w - an uncursed scroll of teleportation
  D - a cursed scroll of teleportation
 Potions  ('!')
  x - an uncursed potion of sleeping
 Rings    ('=')
  y - a blessed +1 ring of protection
  z - an uncursed ring of slow digestion
 Wands    ('/')
  A - a wand of make invisible (0:7)
  S - a wand of speed monster (0:3)
  o - a wand of striking (0:0)
  j - a wand of undead turning (0:5)
 Tools    ('(')
  b - an uncursed sack containing 1 item
  U - an uncursed blindfold
  e - a +0 pick-axe
  k - an uncursed skeleton key
  Z - an uncursed skeleton key
  K - an uncursed tin opener
  f - a tinning kit (0:57)
 Gems/Stones  ('*')
  g - an uncursed touchstone

Contents of the sack:
  1042 gold pieces

Jobair the Archeologist's attributes:

Background:
 You were a Field Worker, a level 5 female dwarven Archeologist.
 You were lawful, on a mission for Quetzalcoatl
 who was opposed by Camaxtli (neutral) and Huhetotl (chaotic).
 You were right-handed.
 You were in the Gnomish Mines, on level 8.
 You entered the dungeon 5595 turns ago.
 It was nighttime.
 You had 290 experience points, 30 more were needed to attain level 6.

Basics:
 You had 0 out of 40 hit points.
 You had all 20 energy points (spell power).
 Your armor class was -4.
 Your wallet contained 138 zorkmids, and
 you had 1042 more stashed away in your pack.
 Autopickup was off.

Final Characteristics:
 Your strength was 13 (limit:18/100).
 Your dexterity was 15 (limit:20).
 Your constitution was 14 (limit:20).
 Your intelligence was 14 (limit:16).
 Your wisdom was 15 (limit:16).
 Your charisma was 10 (limit:16).

Final Status:
 You weren't hungry.
 You were burdened; movement was slightly slowed.
 You were wielding a saber.
 You were unskilled in saber.

Final Attributes:
 You were piously aligned.
 You had automatic searching.
 You had infravision.
 You were stealthy.
 You were protected.
 You are dead.

Miscellaneous:
 You didn't encounter any bones levels.
 Total elapsed playing time was 59 minutes and 23 seconds.

Major events:
 Turn
    1: Jobair the lawful female dwarven Archeologist entered the dungeon
  836: attained the rank of Field Worker (level 3)
 2948: entered the Gnomish Mines
 5324: reached Mine Town
 5595: killed by an invisible hill orc called Goruthos of Un-ubane

You didn't know any spells.

Skills:
 Fighting Skills
   bare handed combat [Unskilled]
   two weapon combat  [Unskilled]
   riding             [Unskilled]
 Weapon Skills
   dagger             [Unskilled]
   knife              [Unskilled]
   pick-axe           [Basic]
   short sword        [Unskilled]
   saber              [Unskilled]
   club               [Unskilled]
   quarterstaff       [Unskilled]
   sling              [Unskilled]
   dart               [Basic]
   boomerang          [Unskilled]
   whip               [Skilled]
   unicorn horn       [Unskilled]
 Spellcasting Skills
   attack spells      [Unskilled]
   healing spells     [Unskilled]
   divination spells  [Unskilled]
   matter spells      [Unskilled]

Voluntary challenges:
 Character rerolling was not enabled.
 You never genocided any monsters.
 You never polymorphed an object.
 You never changed form.
 You used no wishes.
Achievements:
 You entered a shop.
 You attained the rank of Field Worker.
 You entered the Gnomish Mines.
 You entered Minetown.

 The Dungeons of Doom: levels 1 to 5
    Level 1:
    Level 2:
       A scroll shop, a fountain, a sink.
    Level 3:
    Level 4:
       A general store, a fountain.
       Stairs down to The Gnomish Mines.
    Level 5:
       A weapon shop, some fountains.
 The Gnomish Mines: levels 5 to 8
    Level 5:
    Level 6:
    Level 7:
    Level 8: <- You were here.
       Final resting place for
          you, killed by an invisible hill orc called Goruthos of Un-ubane.


Vanquished creatures:
 an orc-captain
  a bugbear
  a wood nymph
  4 Mordor orcs
  2 Uruk-hai
  2 orc shamans
  a rock mole
  a fog cloud
  a yellow light
  2 shriekers
  2 gnome leaders
  2 kobold mummies
  a paper golem
  a giant ant
  a little dog
  a floating eye
  2 dwarves
  2 homunculi
  a kobold leader
  8 hill orcs
  3 rothes
  a rabid rat
  a giant bat
  a dwarf zombie
  a wererat
  a werejackal
  3 iguanas
  2 acid blobs
  8 coyotes
  2 gas spores
  2 hobbits
  2 manes
  a large kobold
  a hobgoblin
  a giant rat
  4 cave spiders
  a brown mold
  2 red molds
 14 gnomes
  2 gnome zombies
  5 geckos
  4 jackals
  5 kobolds
  a goblin
  3 sewer rats
  3 grid bugs
  4 lichens
  7 newts
122 creatures vanquished.

No species were genocided or became extinct.

Game over:
                       ----------
                      /          \
                     /    REST    \
                    /      IN      \
                   /     PEACE      \
                  /                  \
                  |      Jobair      |
                  |     1180 Au      |
                  |   killed by an   |
                  |  invisible hill  |
                  |    orc called    |
                  |   Goruthos of    |
                  |       2026       |
                 *|     *  *  *      | *
        _________)/\\_//(\/(/\)/\//\/|_)_______

Goodbye Jobair the Archeologist...

You died in The Gnomish Mines on dungeon level 8 with 2592 points,
and 1180 pieces of gold, after 5595 moves.
You were level 5 with a maximum of 40 hit points when you died.

